[ AOE2 MATCH · #472574174 ]
UnrankedSaracens vs Mongols
[ REPLAY ANALYSIS · EXTRACTED FROM THE RECORDED GAME ]
Feudal
—
Castle
—
Imperial
—
| APM avg | 61.9 |
| APM peak | 138 |
| eAPM avg | 52.8 |
| Villagers / military | 395 / 6740 |
Focus
⚔️ 80.4% · 🌾 19.6%
Scout Cavalry ×2201 · Camel Scout ×1636 · Mameluke ×1211 · Hand Cannoneer ×1090 · Mangonel ×434 · Bombard Cannon ×146
Feudal
—
Castle
—
Imperial
—
| APM avg | 61.2 |
| APM peak | 324 |
| eAPM avg | 59.6 |
| Villagers / military | 472 / 6368 |
Focus
⚔️ 64.7% · 🌾 35.3%
Camel Scout ×4429 · Scout Cavalry ×971 · Elephant Archer ×583 · Scorpion ×200 · Trade Cart ×160 · Armored Elephant ×95
Feudal
—
Castle
—
Imperial
—
| APM avg | 38.4 |
| APM peak | 107 |
| eAPM avg | 34.2 |
| Villagers / military | 478 / 5337 |
Focus
⚔️ 71.6% · 🌾 28.4%
Militia ×2343 · Scout Cavalry ×824 · Mangonel ×783 · Camel Scout ×581 · Scorpion ×544 · Trade Cart ×164
Feudal
—
Castle
—
Imperial
—
| APM avg | 62.0 |
| APM peak | 99 |
| eAPM avg | 55.5 |
| Villagers / military | 439 / 6314 |
Focus
⚔️ 68.0% · 🌾 32.0%
Scout Cavalry ×2513 · Obuch ×2267 · Knight ×722 · Mangonel ×565 · Trade Cart ×250 · Bombard Cannon ×87
Feudal
—
Castle
—
Imperial
—
| APM avg | 53.0 |
| APM peak | 152 |
| eAPM avg | 40.8 |
| Villagers / military | 441 / 4916 |
Focus
⚔️ 66.3% · 🌾 33.7%
Mameluke ×2194 · Camel Scout ×1578 · Scout Cavalry ×569 · Hand Cannoneer ×355 · Trade Cart ×121 · Bombard Cannon ×91
Feudal
—
Castle
—
Imperial
—
| APM avg | 60.4 |
| APM peak | 277 |
| eAPM avg | 45.7 |
| Villagers / military | 626 / 4333 |
Focus
⚔️ 71.0% · 🌾 29.0%
Mangudai ×1481 · Camel Scout ×1158 · Scout Cavalry ×695 · Scorpion ×293 · Mangonel ×277 · Battering Ram ×217
Match map
Initial resources + every placement click. Lines = walls · curves = elevation contours. ◆ gold · ⬟ stone · ● berries · ✦ relic · ◌ wall gap
Your base· ✓ Map-separated
mark.adverai's base· ✓ Map-separated
I_ALMIGHTY_I's base· ✓ Map-separated
Xchopan's base· ✓ Map-separated
Diablo's base· ✓ Map-separated
dannyfluffy's base· ✓ Map-separated
Smoothed initial terrain · ◌ = detected wall gap · hover for details
Inputs per minute
— O.o M@nK!! I_need_a_M@nk - - mark.adverai
Build order — O.o M@nK!! I_need_a_M@nk
First 150 of 3718 actions detected
| 0:05 | Build | Market |
| 0:11 | Create | Villager (Male) ×5 |
| 0:12 | Create | Villager (Male) ×5 |
| 0:12 | Create | Villager (Male) ×5 |
| 0:26 | Build | Town Center |
| 0:26 | Build | Town Center |
| 0:26 | Build | Town Center |
| 0:27 | Build | Town Center |
| 0:27 | Build | Town Center |
| 0:27 | Build | Town Center |
| 0:27 | Build | Town Center |
| 0:28 | Build | Town Center |
| 0:28 | Build | Town Center |
| 0:30 | Build | Town Center |
| 0:31 | Build | Town Center |
| 0:31 | Build | Town Center |
| 0:32 | Build | Town Center |
| 0:33 | Build | Town Center |
| 0:34 | Build | Town Center |
| 0:34 | Build | Town Center |
| 0:35 | Build | Town Center |
| 0:36 | Build | Town Center |
| 0:36 | Build | Town Center |
| 0:37 | Build | Town Center |
| 0:38 | Build | Town Center |
| 0:38 | Build | Town Center |
| 0:40 | Build | Town Center |
| 0:41 | Build | Town Center |
| 0:41 | Build | Town Center |
| 0:41 | Build | Town Center |
| 0:42 | Build | Town Center |
| 0:43 | Build | Town Center |
| 0:43 | Build | Town Center |
| 0:43 | Build | Town Center |
| 0:44 | Build | Town Center |
| 0:46 | Build | Town Center |
| 0:47 | Build | Town Center |
| 0:49 | Build | Town Center |
| 0:49 | Build | Town Center |
| 0:49 | Build | Town Center |
| 0:51 | Build | Town Center |
| 0:51 | Build | Town Center |
| 0:52 | Build | Town Center |
| 0:52 | Build | Town Center |
| 0:54 | Build | Town Center |
| 0:57 | Build | Town Center |
| 0:57 | Build | Town Center |
| 0:58 | Build | Town Center |
| 1:00 | Create | Villager (Male) ×5 |
| 1:00 | Create | Villager (Male) ×5 |
| 1:00 | Create | Villager (Male) ×5 |
| 1:01 | Create | Villager (Male) ×5 |
| 1:01 | Create | Villager (Male) ×5 |
| 1:01 | Create | Villager (Male) |
| 1:24 | Create | Villager (Male) ×5 |
| 1:24 | Create | Villager (Male) ×5 |
| 1:24 | Create | Villager (Male) ×5 |
| 1:25 | Create | Villager (Male) ×5 |
| 1:25 | Create | Villager (Male) ×5 |
| 1:25 | Create | Villager (Male) |
| 1:40 | Create | Villager (Male) |
| 1:41 | Create | Villager (Male) |
| 1:58 | Create | Villager (Male) ×5 |
| 1:59 | Create | Villager (Male) ×5 |
| 1:59 | Create | Villager (Male) ×5 |
| 2:08 | Create | Villager (Male) ×5 |
| 2:09 | Create | Villager (Male) ×5 |
| 2:09 | Create | Villager (Male) ×5 |
| 2:09 | Create | Villager (Male) ×5 |
| 2:09 | Create | Villager (Male) ×5 |
| 2:25 | Build | Market |
| 2:27 | Build | Market |
| 2:29 | Build | Market |
| 2:31 | Create | Villager (Male) ×5 |
| 2:31 | Create | Villager (Male) ×5 |
| 2:31 | Create | Villager (Male) ×5 |
| 2:31 | Create | Villager (Male) ×5 |
| 2:32 | Create | Villager (Male) ×5 |
| 2:32 | Create | Villager (Male) ×5 |
| 2:32 | Create | Villager (Male) ×5 |
| 2:40 | Build | House |
| 2:40 | Build | House |
| 2:41 | Build | House |
| 2:41 | Build | House |
| 2:41 | Build | House |
| 2:42 | Build | House |
| 2:42 | Build | House |
| 2:43 | Build | House |
| 2:43 | Build | House |
| 2:44 | Build | House |
| 2:45 | Build | House |
| 2:46 | Build | House |
| 2:46 | Build | House |
| 2:47 | Build | House |
| 2:47 | Build | House |
| 2:47 | Build | House |
| 2:48 | Build | House |
| 2:49 | Build | House |
| 2:50 | Build | House |
| 2:50 | Build | House |
| 2:50 | Build | House |
| 2:51 | Build | House |
| 2:52 | Build | House |
| 2:52 | Build | House |
| 2:53 | Build | House |
| 2:53 | Build | House |
| 2:53 | Build | House |
| 2:55 | Build | House |
| 2:55 | Build | House |
| 2:55 | Build | House |
| 2:56 | Build | House |
| 2:56 | Build | House |
| 2:56 | Build | House |
| 2:57 | Build | House |
| 2:58 | Build | House |
| 2:58 | Build | House |
| 2:58 | Build | House |
| 2:59 | Build | House |
| 2:59 | Build | House |
| 3:00 | Build | House |
| 3:00 | Build | House |
| 3:01 | Build | House |
| 3:01 | Build | House |
| 3:01 | Build | House |
| 3:02 | Build | House |
| 3:02 | Build | House |
| 3:03 | Build | House |
| 3:03 | Build | House |
| 3:04 | Build | House |
| 3:04 | Build | House |
| 3:04 | Build | House |
| 3:11 | Build | Market |
| 3:12 | Build | Market |
| 3:12 | Build | Market |
| 3:12 | Build | Market |
| 3:13 | Build | Market |
| 3:15 | Build | Market |
| 3:15 | Build | Market |
| 3:16 | Build | Market |
| 3:17 | Build | Market |
| 3:17 | Build | Market |
| 3:18 | Build | Market |
| 3:19 | Build | Market |
| 3:19 | Build | Market |
| 3:19 | Build | Market |
| 3:20 | Build | Market |
| 3:20 | Build | Market |
| 3:21 | Build | Market |
| 3:21 | Build | Market |
| 3:21 | Build | Market |
Build order — mark.adverai
First 150 of 2047 actions detected
| 0:04 | Build | Town Center |
| 0:07 | Build | Town Center |
| 0:08 | Build | Town Center |
| 0:08 | Build | Town Center |
| 0:08 | Build | Town Center |
| 0:08 | Build | Town Center |
| 0:09 | Build | Town Center |
| 0:09 | Build | Town Center |
| 0:09 | Build | Town Center |
| 0:09 | Build | Town Center |
| 0:10 | Build | Town Center |
| 0:10 | Build | Town Center |
| 0:11 | Build | Town Center |
| 0:11 | Build | Town Center |
| 0:12 | Build | Town Center |
| 0:12 | Build | Town Center |
| 0:12 | Build | Town Center |
| 0:20 | Create | Villager (Male) ×5 |
| 0:20 | Create | Villager (Male) ×5 |
| 0:24 | Build | Town Center |
| 0:25 | Build | Town Center |
| 0:25 | Build | Town Center |
| 0:25 | Build | Town Center |
| 0:26 | Build | Town Center |
| 0:26 | Build | Town Center |
| 0:26 | Build | Town Center |
| 0:26 | Build | Town Center |
| 0:32 | Build | House |
| 0:33 | Build | House |
| 0:33 | Build | House |
| 0:34 | Build | House |
| 0:34 | Build | House |
| 0:34 | Build | House |
| 0:34 | Build | House |
| 0:35 | Build | House |
| 0:35 | Build | House |
| 0:35 | Build | House |
| 0:44 | Create | Villager (Male) ×5 |
| 0:45 | Create | Villager (Male) ×5 |
| 0:50 | Build | Market |
| 0:52 | Build | Market |
| 0:55 | Create | Villager (Male) ×5 |
| 0:55 | Create | Villager (Male) ×5 |
| 0:57 | Create | Villager (Male) ×5 |
| 0:57 | Create | Villager (Male) ×5 |
| 1:04 | Build | Town Center |
| 1:05 | Build | Town Center |
| 1:06 | Build | Town Center |
| 1:07 | Build | Town Center |
| 1:07 | Build | Town Center |
| 1:08 | Build | Town Center |
| 1:08 | Build | Town Center |
| 1:11 | Build | Town Center |
| 1:14 | Create | Villager (Male) ×5 |
| 1:14 | Create | Villager (Male) ×5 |
| 1:17 | Build | Town Center |
| 1:18 | Build | Town Center |
| 1:18 | Build | Town Center |
| 1:21 | Build | Town Center |
| 1:22 | Build | Town Center |
| 1:22 | Build | Town Center |
| 1:23 | Build | Town Center |
| 1:23 | Build | Town Center |
| 1:23 | Build | Town Center |
| 1:24 | Build | Town Center |
| 1:50 | Create | Villager (Male) ×5 |
| 1:50 | Create | Villager (Male) ×5 |
| 1:51 | Create | Villager (Male) ×5 |
| 1:58 | Create | Villager (Male) ×5 |
| 1:59 | Create | Villager (Male) ×5 |
| 1:59 | Create | Villager (Male) ×5 |
| 2:05 | Build | Market |
| 2:06 | Build | Market |
| 2:06 | Build | Market |
| 2:07 | Build | Market |
| 2:07 | Build | Market |
| 2:07 | Build | Market |
| 2:08 | Build | Market |
| 2:08 | Build | Market |
| 2:09 | Build | Market |
| 2:09 | Build | Market |
| 2:11 | Build | Market |
| 2:11 | Build | Market |
| 2:11 | Build | Market |
| 2:11 | Build | Market |
| 2:12 | Build | Market |
| 2:12 | Build | Market |
| 2:14 | Build | Market |
| 2:14 | Build | Market |
| 2:14 | Build | Market |
| 2:15 | Build | Market |
| 2:15 | Build | Market |
| 2:15 | Build | Market |
| 2:16 | Build | Market |
| 2:17 | Build | Market |
| 2:17 | Build | Market |
| 2:17 | Build | Market |
| 2:18 | Build | Market |
| 2:19 | Create | Villager (Male) ×5 |
| 2:19 | Create | Villager (Male) ×5 |
| 2:20 | Create | Villager (Male) ×5 |
| 2:23 | Build | Market |
| 2:24 | Build | Market |
| 2:24 | Build | Market |
| 2:24 | Build | Market |
| 2:25 | Build | Market |
| 2:27 | Build | Market |
| 2:27 | Build | Market |
| 2:28 | Build | Market |
| 2:28 | Build | Market |
| 2:28 | Build | Market |
| 2:29 | Create | Villager (Male) ×5 |
| 2:29 | Create | Villager (Male) ×5 |
| 2:31 | Build | House |
| 2:32 | Build | House |
| 2:32 | Build | House |
| 2:32 | Build | House |
| 2:33 | Build | House |
| 2:33 | Build | House |
| 2:33 | Build | House |
| 2:36 | Build | House |
| 2:37 | Build | House |
| 2:37 | Build | House |
| 2:37 | Build | House |
| 2:38 | Build | House |
| 2:38 | Build | House |
| 2:39 | Build | House |
| 2:39 | Build | House |
| 2:40 | Build | House |
| 2:41 | Create | Villager (Male) ×5 |
| 2:41 | Create | Villager (Male) ×5 |
| 2:42 | Create | Villager (Male) ×5 |
| 2:42 | Create | Villager (Male) ×5 |
| 2:44 | Create | Villager (Male) ×5 |
| 2:44 | Create | Villager (Male) ×5 |
| 3:00 | Create | Villager (Male) ×5 |
| 3:00 | Create | Villager (Male) ×5 |
| 3:00 | Create | Villager (Male) ×5 |
| 3:01 | Create | Villager (Male) ×5 |
| 3:06 | Build | Town Center |
| 3:08 | Build | Town Center |
| 3:08 | Build | Town Center |
| 3:10 | Build | Town Center |
| 3:11 | Build | Town Center |
| 3:11 | Build | Town Center |
| 3:11 | Build | Town Center |
| 3:12 | Build | Town Center |
| 3:18 | Create | Villager (Male) ×5 |
| 3:18 | Create | Villager (Male) ×5 |
| 3:19 | Create | Villager (Male) ×5 |
Build order — I_ALMIGHTY_I
First 150 of 1732 actions detected
| 0:13 | Create | Villager (Male) ×5 |
| 0:13 | Create | Villager (Male) ×5 |
| 0:14 | Create | Villager (Male) ×5 |
| 0:14 | Create | Villager (Male) ×5 |
| 0:20 | Build | Town Center |
| 0:20 | Build | Town Center |
| 0:21 | Build | Town Center |
| 0:21 | Build | Town Center |
| 0:21 | Build | Town Center |
| 0:22 | Build | Town Center |
| 0:22 | Build | Town Center |
| 0:23 | Build | Town Center |
| 0:23 | Build | Town Center |
| 0:23 | Build | Town Center |
| 0:24 | Build | Town Center |
| 0:24 | Build | Town Center |
| 0:24 | Build | Town Center |
| 0:25 | Build | Town Center |
| 0:26 | Build | Town Center |
| 0:27 | Build | Town Center |
| 0:42 | Build | House |
| 0:42 | Build | House |
| 0:43 | Build | House |
| 0:43 | Build | House |
| 0:43 | Build | House |
| 0:44 | Build | House |
| 0:44 | Build | House |
| 0:44 | Build | House |
| 0:45 | Build | House |
| 0:45 | Build | House |
| 0:45 | Build | House |
| 0:46 | Build | House |
| 0:46 | Build | House |
| 0:46 | Build | House |
| 0:47 | Build | House |
| 0:47 | Build | House |
| 0:48 | Build | House |
| 0:48 | Build | House |
| 0:49 | Build | House |
| 0:49 | Build | House |
| 0:49 | Build | House |
| 0:55 | Create | Villager (Male) ×5 |
| 0:55 | Create | Villager (Male) ×5 |
| 0:55 | Create | Villager (Male) ×5 |
| 0:56 | Create | Villager (Male) ×5 |
| 0:56 | Create | Villager (Male) |
| 1:09 | Create | Villager (Male) ×5 |
| 1:10 | Create | Villager (Male) ×5 |
| 1:10 | Create | Villager (Male) ×5 |
| 1:11 | Create | Villager (Male) ×5 |
| 1:11 | Create | Villager (Male) |
| 1:20 | Build | House |
| 1:20 | Build | House |
| 1:21 | Build | House |
| 1:21 | Build | House |
| 1:21 | Build | House |
| 1:22 | Build | House |
| 1:22 | Build | House |
| 1:22 | Build | House |
| 1:23 | Build | House |
| 1:23 | Build | House |
| 1:24 | Build | House |
| 1:24 | Build | House |
| 1:24 | Build | House |
| 1:25 | Build | House |
| 1:26 | Build | House |
| 1:30 | Create | Villager (Male) ×5 |
| 1:30 | Create | Villager (Male) ×5 |
| 1:31 | Create | Villager (Male) ×5 |
| 1:31 | Create | Villager (Male) ×5 |
| 1:31 | Create | Villager (Male) ×2 |
| 1:46 | Build | Town Center |
| 1:47 | Build | Town Center |
| 1:47 | Build | Town Center |
| 1:47 | Build | Town Center |
| 1:48 | Build | Town Center |
| 1:48 | Build | Town Center |
| 1:48 | Build | Town Center |
| 1:49 | Build | Town Center |
| 1:49 | Build | Town Center |
| 1:49 | Build | Town Center |
| 1:51 | Build | Town Center |
| 1:51 | Build | Town Center |
| 1:52 | Build | Town Center |
| 1:52 | Build | Town Center |
| 1:53 | Build | Town Center |
| 1:54 | Build | Town Center |
| 1:54 | Build | Town Center |
| 1:55 | Build | Town Center |
| 2:13 | Build | Market |
| 2:17 | Build | Market |
| 2:18 | Build | Market |
| 2:19 | Build | Market |
| 2:19 | Build | Market |
| 2:20 | Build | Market |
| 2:20 | Build | Market |
| 2:21 | Build | Market |
| 2:21 | Build | Market |
| 2:22 | Build | Market |
| 2:22 | Build | Market |
| 2:22 | Build | Market |
| 2:23 | Build | Market |
| 2:23 | Build | Market |
| 2:23 | Build | Market |
| 2:55 | Create | Villager (Male) ×5 |
| 2:56 | Create | Villager (Male) ×5 |
| 2:56 | Create | Villager (Male) ×5 |
| 2:56 | Create | Villager (Male) ×5 |
| 2:57 | Create | Villager (Male) ×5 |
| 2:57 | Create | Villager (Male) ×5 |
| 2:57 | Create | Villager (Male) ×5 |
| 2:58 | Create | Villager (Male) ×5 |
| 2:58 | Create | Villager (Male) ×5 |
| 3:22 | Create | Villager (Male) ×5 |
| 3:22 | Create | Villager (Male) ×5 |
| 3:22 | Create | Villager (Male) ×5 |
| 3:23 | Create | Villager (Male) ×5 |
| 3:28 | Create | Villager (Male) ×5 |
| 3:29 | Create | Villager (Male) ×4 |
| 3:29 | Create | Villager (Male) ×4 |
| 3:30 | Create | Villager (Male) ×5 |
| 3:30 | Create | Villager (Male) ×5 |
| 3:30 | Create | Villager (Male) ×5 |
| 3:31 | Create | Villager (Male) ×5 |
| 3:31 | Create | Villager (Male) ×5 |
| 3:31 | Create | Villager (Male) ×5 |
| 3:32 | Create | Villager (Male) ×5 |
| 3:32 | Create | Villager (Male) ×5 |
| 3:32 | Create | Villager (Male) ×5 |
| 3:33 | Create | Villager (Male) ×5 |
| 3:34 | Create | Villager (Male) ×5 |
| 3:34 | Create | Villager (Male) ×5 |
| 3:56 | Build | House |
| 3:56 | Build | House |
| 3:56 | Build | House |
| 3:57 | Build | House |
| 3:57 | Build | House |
| 3:57 | Build | House |
| 3:58 | Build | House |
| 3:58 | Build | House |
| 3:58 | Build | House |
| 3:59 | Build | House |
| 3:59 | Build | House |
| 3:59 | Build | House |
| 4:00 | Build | House |
| 4:00 | Build | House |
| 4:00 | Build | House |
| 4:01 | Build | House |
| 4:01 | Build | House |
| 4:01 | Build | House |
Build order — Xchopan
First 150 of 2911 actions detected
| 0:01 | Create | Villager (Male) |
| 0:04 | Build | Town Center |
| 0:05 | Build | Town Center |
| 0:06 | Build | House |
| 0:07 | Build | House |
| 0:08 | Build | House |
| 0:12 | Build | Town Center |
| 0:16 | Build | Market |
| 0:16 | Build | Market |
| 0:16 | Build | Market |
| 0:26 | Build | Town Center |
| 0:31 | Create | Villager (Male) |
| 0:33 | Build | Town Center |
| 0:35 | Build | Town Center |
| 0:36 | Build | Town Center |
| 0:37 | Build | Town Center |
| 0:38 | Build | Town Center |
| 0:39 | Build | Town Center |
| 0:44 | Create | Trade Cart |
| 0:45 | Create | Trade Cart |
| 0:45 | Create | Trade Cart |
| 0:48 | Create | Trade Cart |
| 0:50 | Create | Villager (Male) |
| 0:50 | Create | Villager (Male) |
| 0:51 | Create | Villager (Male) |
| 0:51 | Create | Villager (Male) |
| 0:56 | Build | Market |
| 0:57 | Build | Market |
| 0:57 | Build | Market |
| 0:57 | Build | Market |
| 0:57 | Build | Market |
| 0:58 | Build | Market |
| 1:03 | Create | Villager (Male) ×5 |
| 1:03 | Create | Villager (Male) ×5 |
| 1:07 | Build | Town Center |
| 1:12 | Build | Town Center |
| 1:14 | Create | Villager (Male) |
| 1:14 | Create | Villager (Male) |
| 1:19 | Build | Town Center |
| 1:24 | Build | Monastery |
| 1:28 | Build | Town Center |
| 1:29 | Build | Town Center |
| 1:32 | Create | Trade Cart ×5 |
| 1:32 | Create | Trade Cart ×5 |
| 1:33 | Create | Trade Cart |
| 1:34 | Create | Trade Cart |
| 1:34 | Create | Trade Cart |
| 1:35 | Create | Villager (Male) |
| 1:35 | Create | Villager (Male) |
| 1:36 | Create | Villager (Male) |
| 1:36 | Create | Villager (Male) |
| 1:36 | Create | Villager (Male) |
| 1:36 | Create | Villager (Male) |
| 1:41 | Build | Town Center |
| 1:42 | Build | Town Center |
| 1:43 | Build | Town Center |
| 1:44 | Build | Town Center |
| 1:49 | Create | Trade Cart |
| 1:49 | Create | Trade Cart |
| 1:49 | Create | Trade Cart |
| 1:50 | Create | Trade Cart |
| 1:50 | Create | Trade Cart |
| 1:50 | Create | Trade Cart |
| 1:51 | Create | Trade Cart |
| 1:52 | Create | Trade Cart |
| 1:57 | Build | House |
| 1:58 | Build | House |
| 1:58 | Build | House |
| 1:59 | Build | House |
| 2:00 | Create | Villager (Male) |
| 2:00 | Create | Villager (Male) |
| 2:01 | Create | Villager (Male) |
| 2:01 | Create | Villager (Male) |
| 2:01 | Create | Villager (Male) |
| 2:05 | Create | Villager (Male) ×5 |
| 2:06 | Create | Villager (Male) ×5 |
| 2:06 | Create | Villager (Male) ×5 |
| 2:09 | Create | Villager (Male) |
| 2:10 | Create | Villager (Male) |
| 2:10 | Create | Villager (Male) |
| 2:17 | Create | Trade Cart ×5 |
| 2:18 | Create | Trade Cart ×5 |
| 2:18 | Create | Trade Cart ×5 |
| 2:25 | Create | Villager (Male) |
| 2:25 | Create | Villager (Male) |
| 2:26 | Create | Villager (Male) |
| 2:27 | Create | Villager (Male) |
| 2:27 | Create | Villager (Male) |
| 2:27 | Create | Villager (Male) |
| 2:27 | Create | Villager (Male) |
| 2:28 | Create | Villager (Male) |
| 2:31 | Build | Town Center |
| 2:35 | Create | Villager (Male) |
| 2:36 | Create | Villager (Male) |
| 2:36 | Create | Villager (Male) |
| 2:36 | Create | Villager (Male) |
| 2:37 | Create | Villager (Male) |
| 2:40 | Create | Villager (Male) ×5 |
| 2:40 | Create | Villager (Male) ×5 |
| 2:40 | Create | Villager (Male) ×5 |
| 2:42 | Create | Villager (Male) ×5 |
| 2:42 | Create | Villager (Male) ×5 |
| 2:46 | Build | Lumber Camp |
| 2:47 | Create | Monk |
| 2:50 | Create | Trade Cart ×5 |
| 2:50 | Create | Trade Cart ×5 |
| 2:55 | Build | Market |
| 2:58 | Build | Market |
| 2:59 | Build | Market |
| 3:03 | Build | Market |
| 3:08 | Create | Trade Cart |
| 3:08 | Create | Trade Cart |
| 3:08 | Create | Trade Cart |
| 3:10 | Create | Villager (Male) |
| 3:10 | Create | Villager (Male) |
| 3:11 | Create | Villager (Male) |
| 3:11 | Create | Villager (Male) |
| 3:11 | Create | Villager (Male) |
| 3:12 | Create | Villager (Male) |
| 3:12 | Create | Villager (Male) |
| 3:16 | Create | Villager (Male) |
| 3:17 | Create | Villager (Male) |
| 3:17 | Create | Villager (Male) |
| 3:18 | Create | Villager (Male) |
| 3:18 | Create | Villager (Male) |
| 3:18 | Create | Villager (Male) |
| 3:34 | Create | Villager (Male) |
| 3:35 | Create | Villager (Male) |
| 3:35 | Create | Villager (Male) |
| 3:35 | Create | Villager (Male) |
| 3:35 | Create | Villager (Male) |
| 3:36 | Create | Villager (Male) |
| 3:36 | Create | Villager (Male) |
| 3:38 | Create | Trade Cart ×5 |
| 3:38 | Create | Trade Cart ×5 |
| 3:38 | Create | Trade Cart ×5 |
| 3:42 | Create | Villager (Male) |
| 3:43 | Create | Villager (Male) |
| 3:43 | Create | Villager (Male) |
| 3:44 | Create | Trade Cart ×5 |
| 3:46 | Create | Villager (Male) |
| 3:46 | Create | Villager (Male) |
| 3:49 | Create | Villager (Male) |
| 3:50 | Create | Villager (Male) |
| 3:50 | Create | Villager (Male) |
| 3:51 | Create | Villager (Male) |
| 3:57 | Create | Villager (Male) |
| 3:57 | Create | Villager (Male) |
| 4:00 | Build | House |
| 4:01 | Build | House |
Build order — Diablo
First 150 of 1683 actions detected
| 0:04 | Build | Market |
| 0:06 | Build | Town Center |
| 0:07 | Build | Town Center |
| 0:07 | Create | Villager (Male) |
| 0:08 | Create | Villager (Male) |
| 0:09 | Build | Town Center |
| 0:10 | Build | Town Center |
| 0:11 | Build | Town Center |
| 0:13 | Build | Town Center |
| 0:14 | Build | Town Center |
| 0:17 | Build | Town Center |
| 0:19 | Build | Town Center |
| 0:26 | Build | Town Center |
| 0:30 | Build | Town Center |
| 0:31 | Build | Town Center |
| 0:34 | Build | Town Center |
| 0:36 | Build | Town Center |
| 0:40 | Build | Town Center |
| 0:44 | Build | Town Center |
| 0:52 | Build | Town Center |
| 1:00 | Build | Town Center |
| 1:01 | Build | Town Center |
| 1:03 | Create | Villager (Male) |
| 1:04 | Create | Villager (Male) ×5 |
| 1:04 | Create | Villager (Male) ×5 |
| 1:09 | Create | Villager (Male) ×5 |
| 1:09 | Create | Villager (Male) ×5 |
| 1:10 | Create | Villager (Male) ×5 |
| 1:22 | Create | Villager (Male) |
| 1:22 | Create | Villager (Male) |
| 1:23 | Create | Villager (Male) ×5 |
| 1:36 | Build | Town Center |
| 1:47 | Create | Villager (Male) ×5 |
| 1:47 | Create | Villager (Male) ×5 |
| 2:10 | Create | Villager (Male) ×5 |
| 2:10 | Create | Villager (Male) ×5 |
| 2:11 | Create | Villager (Male) |
| 2:11 | Create | Villager (Male) ×5 |
| 2:11 | Create | Villager (Male) ×5 |
| 2:11 | Create | Villager (Male) ×5 |
| 2:12 | Create | Villager (Male) |
| 2:12 | Create | Villager (Male) ×5 |
| 2:12 | Create | Villager (Male) ×5 |
| 2:12 | Create | Villager (Male) ×5 |
| 2:12 | Create | Villager (Male) |
| 2:19 | Build | Town Center |
| 2:23 | Build | Town Center |
| 2:26 | Build | Mining Camp |
| 2:28 | Create | Villager (Male) |
| 2:29 | Create | Villager (Male) |
| 2:29 | Create | Villager (Male) ×5 |
| 2:29 | Create | Villager (Male) |
| 2:29 | Create | Villager (Male) |
| 2:29 | Create | Villager (Male) |
| 2:30 | Create | Villager (Male) |
| 2:33 | Build | Town Center |
| 2:38 | Build | Monastery |
| 2:54 | Create | Villager (Male) |
| 2:54 | Create | Villager (Male) |
| 2:55 | Create | Villager (Male) |
| 2:55 | Create | Villager (Male) |
| 2:55 | Create | Villager (Male) |
| 2:55 | Create | Villager (Male) ×5 |
| 2:56 | Create | Villager (Male) ×5 |
| 2:56 | Create | Villager (Male) ×5 |
| 2:56 | Create | Villager (Male) |
| 3:02 | Create | Villager (Male) |
| 3:02 | Create | Villager (Male) |
| 3:10 | Build | Market |
| 3:12 | Build | Market |
| 3:13 | Build | Market |
| 3:15 | Build | Market |
| 3:15 | Build | Market |
| 3:16 | Build | Market |
| 3:17 | Build | Market |
| 3:20 | Create | Monk |
| 3:29 | Build | Castle |
| 3:31 | Build | Stone Wall |
| 3:32 | Build | Gate |
| 3:34 | Build | Stone Wall |
| 3:34 | Build | Gate |
| 3:44 | Build | Stone Wall |
| 3:45 | Build | Gate |
| 3:49 | Build | Castle |
| 3:53 | Create | Villager (Male) ×5 |
| 3:53 | Create | Villager (Male) |
| 3:53 | Create | Villager (Male) ×5 |
| 3:54 | Create | Villager (Male) ×5 |
| 3:54 | Create | Villager (Male) |
| 3:54 | Create | Villager (Male) ×5 |
| 3:54 | Create | Villager (Male) ×5 |
| 4:02 | Build | House |
| 4:03 | Build | House |
| 4:04 | Build | House |
| 4:05 | Build | House |
| 4:05 | Build | House |
| 4:08 | Build | House |
| 4:08 | Build | House |
| 4:09 | Build | House |
| 4:10 | Build | House |
| 4:12 | Build | House |
| 4:14 | Build | House |
| 4:15 | Build | House |
| 4:16 | Build | House |
| 4:16 | Build | House |
| 4:18 | Build | House |
| 4:19 | Build | House |
| 4:19 | Build | House |
| 4:29 | Build | Town Center |
| 4:30 | Build | Town Center |
| 4:31 | Build | Town Center |
| 4:31 | Build | Town Center |
| 4:35 | Build | Town Center |
| 4:36 | Build | Town Center |
| 4:36 | Build | Town Center |
| 4:41 | Build | Town Center |
| 4:41 | Build | Town Center |
| 4:44 | Create | Villager (Male) ×5 |
| 4:44 | Create | Villager (Male) |
| 4:52 | Build | Gate |
| 4:53 | Build | Gate |
| 4:55 | Build | Castle |
| 5:04 | Create | Villager (Male) ×5 |
| 5:04 | Create | Villager (Male) ×5 |
| 5:05 | Create | Villager (Male) ×5 |
| 5:11 | Build | Gate |
| 5:12 | Build | Gate |
| 5:18 | Build | Lumber Camp |
| 5:30 | Create | Villager (Male) ×5 |
| 5:30 | Create | Villager (Male) ×5 |
| 5:30 | Create | Villager (Male) ×5 |
| 5:30 | Create | Villager (Male) ×5 |
| 5:31 | Create | Villager (Male) ×5 |
| 5:31 | Create | Villager (Male) ×5 |
| 5:31 | Create | Villager (Male) ×5 |
| 5:31 | Create | Villager (Male) ×5 |
| 5:31 | Create | Villager (Male) ×5 |
| 5:31 | Create | Villager (Male) ×5 |
| 5:32 | Create | Villager (Male) ×5 |
| 5:32 | Create | Villager (Male) ×5 |
| 5:32 | Create | Villager (Male) ×5 |
| 5:32 | Create | Villager (Male) ×5 |
| 5:32 | Create | Villager (Male) ×5 |
| 5:32 | Create | Villager (Male) ×5 |
| 5:32 | Create | Villager (Male) ×5 |
| 5:33 | Create | Villager (Male) ×5 |
| 5:33 | Create | Villager (Male) ×5 |
| 5:33 | Create | Villager (Male) ×5 |
| 5:33 | Create | Villager (Male) ×5 |
| 5:33 | Create | Villager (Male) ×5 |
Build order — dannyfluffy
First 150 of 1565 actions detected
| 0:02 | Build | Market |
| 0:04 | Build | Town Center |
| 0:06 | Build | Town Center |
| 0:07 | Build | Town Center |
| 0:08 | Build | Town Center |
| 0:10 | Create | Villager (Male) ×5 |
| 0:10 | Create | Villager (Male) ×5 |
| 0:10 | Create | Villager (Male) ×5 |
| 0:13 | Build | Town Center |
| 0:14 | Build | Town Center |
| 0:15 | Build | Town Center |
| 0:27 | Build | Town Center |
| 0:28 | Build | Town Center |
| 0:29 | Build | Town Center |
| 0:31 | Build | Town Center |
| 0:32 | Build | Town Center |
| 0:34 | Build | Town Center |
| 0:36 | Build | Town Center |
| 0:37 | Build | Town Center |
| 0:41 | Build | Town Center |
| 0:46 | Create | Villager (Male) |
| 0:55 | Create | Villager (Male) ×5 |
| 0:56 | Create | Villager (Male) ×5 |
| 0:56 | Create | Villager (Male) ×5 |
| 0:58 | Build | Town Center |
| 1:01 | Create | Villager (Male) ×5 |
| 1:01 | Create | Villager (Male) ×5 |
| 1:03 | Build | Town Center |
| 1:07 | Create | Villager (Male) ×5 |
| 1:08 | Create | Villager (Male) ×5 |
| 1:08 | Create | Villager (Male) ×5 |
| 1:10 | Create | Villager (Male) ×5 |
| 1:12 | Create | Villager (Male) ×5 |
| 1:14 | Build | Town Center |
| 1:15 | Build | Town Center |
| 1:17 | Build | Town Center |
| 1:19 | Build | Town Center |
| 1:21 | Build | Town Center |
| 1:32 | Build | Town Center |
| 1:37 | Build | Town Center |
| 1:41 | Build | Town Center |
| 1:44 | Build | Town Center |
| 1:47 | Create | Villager (Male) ×5 |
| 1:47 | Create | Villager (Male) ×5 |
| 1:49 | Build | Town Center |
| 1:51 | Build | Town Center |
| 1:53 | Build | Town Center |
| 1:56 | Create | Villager (Male) ×5 |
| 1:56 | Create | Villager (Male) ×5 |
| 1:57 | Create | Villager (Male) ×5 |
| 1:57 | Create | Villager (Male) ×5 |
| 1:58 | Create | Villager (Male) ×5 |
| 1:58 | Create | Villager (Male) ×5 |
| 1:59 | Create | Villager (Male) ×5 |
| 1:59 | Create | Villager (Male) ×5 |
| 2:00 | Create | Villager (Male) ×5 |
| 2:00 | Create | Villager (Male) ×5 |
| 2:02 | Build | Town Center |
| 2:09 | Create | Villager (Male) ×5 |
| 2:09 | Create | Villager (Male) ×5 |
| 2:10 | Create | Villager (Male) ×5 |
| 2:11 | Create | Villager (Male) ×5 |
| 2:17 | Build | Mining Camp |
| 2:19 | Create | Villager (Male) ×5 |
| 2:19 | Create | Villager (Male) ×5 |
| 2:21 | Create | Villager (Male) ×5 |
| 2:21 | Create | Villager (Male) ×5 |
| 2:21 | Create | Villager (Male) ×5 |
| 2:34 | Create | Villager (Male) ×5 |
| 2:41 | Build | Market |
| 2:46 | Build | Market |
| 2:47 | Build | Market |
| 2:49 | Build | Market |
| 2:51 | Build | Market |
| 2:51 | Build | Market |
| 2:52 | Build | Market |
| 2:52 | Build | Market |
| 2:53 | Build | Market |
| 2:53 | Build | Market |
| 2:54 | Build | Market |
| 2:54 | Build | Market |
| 2:54 | Build | Market |
| 2:55 | Build | Market |
| 2:55 | Build | Market |
| 2:56 | Build | Market |
| 2:56 | Build | Market |
| 2:57 | Build | Market |
| 2:57 | Build | Market |
| 2:59 | Build | Market |
| 3:02 | Create | Villager (Male) ×5 |
| 3:06 | Create | Villager (Male) ×5 |
| 3:07 | Create | Villager (Male) ×5 |
| 3:08 | Create | Villager (Male) ×5 |
| 3:08 | Create | Villager (Male) ×5 |
| 3:09 | Build | Lumber Camp |
| 3:12 | Build | Mining Camp |
| 3:25 | Create | Villager (Male) ×5 |
| 3:25 | Create | Villager (Male) ×5 |
| 3:25 | Create | Villager (Male) ×5 |
| 3:27 | Create | Villager (Male) ×5 |
| 3:27 | Create | Villager (Male) ×5 |
| 3:29 | Build | Mining Camp |
| 3:32 | Build | Mining Camp |
| 3:42 | Build | House |
| 3:43 | Build | House |
| 3:43 | Build | House |
| 3:44 | Build | House |
| 3:44 | Build | House |
| 3:44 | Build | House |
| 3:45 | Build | House |
| 3:45 | Build | House |
| 3:46 | Build | House |
| 3:47 | Build | House |
| 3:49 | Build | House |
| 3:50 | Build | House |
| 3:50 | Build | House |
| 3:53 | Build | House |
| 3:53 | Build | House |
| 3:54 | Build | House |
| 3:54 | Build | House |
| 3:55 | Build | House |
| 3:55 | Build | House |
| 3:56 | Build | House |
| 3:56 | Build | House |
| 3:56 | Build | House |
| 3:57 | Build | House |
| 3:58 | Build | House |
| 3:58 | Build | House |
| 3:59 | Build | House |
| 4:00 | Build | House |
| 4:00 | Build | House |
| 4:00 | Build | House |
| 4:06 | Build | House |
| 4:06 | Build | House |
| 4:07 | Build | House |
| 4:07 | Build | House |
| 4:07 | Build | House |
| 4:08 | Build | House |
| 4:09 | Build | House |
| 4:10 | Build | House |
| 4:11 | Build | House |
| 4:11 | Build | House |
| 4:12 | Build | House |
| 4:14 | Create | Villager (Male) ×5 |
| 4:15 | Create | Villager (Male) ×5 |
| 4:15 | Create | Villager (Male) ×5 |
| 4:15 | Create | Villager (Male) ×5 |
| 4:17 | Build | Lumber Camp |
| 4:18 | Build | Lumber Camp |
| 4:19 | Create | Villager (Male) ×5 |
Match timeline
| 0:15 | O.o M@nK!! I_need_a_M@nk · first_market_buy 500 stone |
| 0:21 | Diablo · first_market_buy 500 stone |
| 0:21 | dannyfluffy · first_market_buy 500 stone |
| 1:24 | Xchopan · first_building Monastery |
| 2:38 | Diablo · first_building Monastery |
| 3:29 | Diablo · first_building Castle |
| 3:31 | Diablo · wall_segment Stone Wall x4 |
| 3:34 | Diablo · wall_segment Stone Wall x4 |
| 3:44 | Diablo · wall_segment Stone Wall x3 |
| 4:25 | dannyfluffy · first_building Castle |
| 6:15 | dannyfluffy · wall_segment Stone Wall x3 |
| 6:20 | Diablo · wall_segment Stone Wall x3 |
| 6:20 | dannyfluffy · first_building Siege Workshop |
| 6:27 | mark.adverai · wall_segment Stone Wall x29 |
| 6:34 | Diablo · wall_segment Stone Wall x3 |
| 6:35 | mark.adverai · wall_segment Stone Wall x60 |
| 6:35 | mark.adverai · wall_segment Stone Wall x40 |
| 6:37 | mark.adverai · wall_segment Stone Wall x1 |
| 6:39 | Diablo · wall_segment Stone Wall x3 |
| 7:05 | mark.adverai · wall_segment Stone Wall x3 |
| 7:11 | mark.adverai · wall_segment Stone Wall x63 |
| 7:12 | mark.adverai · wall_segment Stone Wall x8 |
| 7:12 | Diablo · wall_segment Stone Wall x4 |
| 7:16 | Diablo · wall_segment Stone Wall x4 |
| 8:46 | Diablo · wall_segment Stone Wall x4 |
| 8:55 | Diablo · wall_segment Stone Wall x3 |
| 9:08 | O.o M@nK!! I_need_a_M@nk · first_building Castle |
| 9:20 | dannyfluffy · wall_segment Stone Wall x1 |
| 9:21 | dannyfluffy · wall_segment Stone Wall x2 |
| 10:14 | Xchopan · wall_segment Stone Wall x12 |
| 10:24 | dannyfluffy · wall_segment Stone Wall x1 |
| 10:30 | Xchopan · wall_segment Stone Wall x6 |
| 10:53 | Xchopan · first_building Castle |
| 10:56 | mark.adverai · wall_segment Stone Wall x62 |
| 11:04 | Xchopan · wall_segment Stone Wall x9 |
| 11:08 | Xchopan · wall_segment Stone Wall x10 |
| 11:12 | Xchopan · wall_segment Stone Wall x8 |
| 11:14 | O.o M@nK!! I_need_a_M@nk · wall_segment Stone Wall x86 |
| 11:18 | dannyfluffy · wall_segment Stone Wall x3 |
| 11:20 | mark.adverai · first_building Stable |
| 11:23 | Diablo · first_building Siege Workshop |
| 11:35 | Xchopan · wall_segment Stone Wall x7 |
| 11:36 | Xchopan · wall_segment Stone Wall x3 |
| 11:38 | Xchopan · wall_segment Stone Wall x6 |
| 11:50 | O.o M@nK!! I_need_a_M@nk · wall_segment Stone Wall x66 |
| 11:59 | mark.adverai · first_building Archery Range |
| 12:09 | Diablo · wall_segment Stone Wall x3 |
| 12:20 | dannyfluffy · wall_segment Stone Wall x1 |
| 12:20 | Diablo · wall_segment Stone Wall x4 |
| 12:22 | dannyfluffy · wall_segment Stone Wall x1 |
| 12:28 | Diablo · wall_segment Stone Wall x4 |
| 12:31 | Diablo · wall_segment Stone Wall x3 |
| 12:59 | Diablo · first_building Stable |
| 12:59 | I_ALMIGHTY_I · wall_segment Stone Wall x61 |
| 13:02 | Diablo · wall_segment Stone Wall x3 |
| 13:16 | mark.adverai · wall_segment Palisade Wall x5 |
| 13:19 | Diablo · wall_segment Stone Wall x4 |
| 13:21 | mark.adverai · wall_segment Stone Wall x64 |
| 13:24 | Diablo · wall_segment Stone Wall x3 |
| 13:25 | Xchopan · wall_segment Stone Wall x19 |
| 13:29 | dannyfluffy · first_building Stable |
| 13:35 | Xchopan · wall_segment Stone Wall x1 |
| 13:37 | Diablo · wall_segment Stone Wall x4 |
| 13:58 | I_ALMIGHTY_I · wall_segment Stone Wall x75 |
| 14:07 | I_ALMIGHTY_I · wall_segment Stone Wall x28 |
| 14:07 | Xchopan · wall_segment Stone Wall x15 |
| 14:15 | Diablo · wall_segment Stone Wall x15 |
| 14:21 | Xchopan · wall_segment Stone Wall x4 |
| 14:21 | Diablo · wall_segment Stone Wall x15 |
| 14:24 | Xchopan · wall_segment Stone Wall x1 |
| 14:29 | Diablo · wall_segment Stone Wall x15 |
| 14:29 | Xchopan · wall_segment Stone Wall x15 |
| 14:31 | dannyfluffy · wall_segment Stone Wall x1 |
| 14:34 | dannyfluffy · wall_segment Stone Wall x3 |
| 14:35 | O.o M@nK!! I_need_a_M@nk · first_building Stable |
| 14:35 | Diablo · wall_segment Stone Wall x15 |
| 14:39 | Xchopan · wall_segment Stone Wall x10 |
| 14:43 | Xchopan · wall_segment Stone Wall x1 |
| 14:43 | Xchopan · wall_segment Stone Wall x1 |
| 14:44 | Diablo · wall_segment Stone Wall x10 |
| 14:46 | mark.adverai · first_building Siege Workshop |
| 14:52 | I_ALMIGHTY_I · wall_segment Stone Wall x15 |
| 15:06 | mark.adverai · first_building Castle |
| 15:07 | Xchopan · first_building Siege Workshop |
| 15:09 | I_ALMIGHTY_I · first_building Siege Workshop |
| 15:11 | mark.adverai · wall_segment Stone Wall x59 |
| 15:11 | O.o M@nK!! I_need_a_M@nk · first_building Siege Workshop |
| 15:21 | mark.adverai · wall_segment Stone Wall x3 |
| 15:22 | mark.adverai · wall_segment Stone Wall x4 |
| 15:23 | mark.adverai · wall_segment Stone Wall x4 |
| 15:24 | mark.adverai · wall_segment Stone Wall x3 |
| 15:29 | O.o M@nK!! I_need_a_M@nk · wall_segment Stone Wall x20 |
| 15:52 | mark.adverai · wall_segment Stone Wall x22 |
| 15:53 | I_ALMIGHTY_I · first_building Castle |
| 16:03 | Diablo · wall_segment Stone Wall x19 |
| 16:10 | O.o M@nK!! I_need_a_M@nk · wall_segment Stone Wall x62 |
| 16:15 | Diablo · wall_segment Stone Wall x15 |
| 16:19 | I_ALMIGHTY_I · first_building Stable |
| 16:19 | Diablo · wall_segment Stone Wall x13 |
| 16:21 | Xchopan · first_market_buy 500 stone |
| 16:31 | Diablo · first_building Archery Range |
| 16:43 | Xchopan · wall_segment Stone Wall x10 |
| 17:34 | Diablo · wall_segment Stone Wall x8 |
| 17:44 | mark.adverai · wall_segment Stone Wall x12 |
| 17:45 | I_ALMIGHTY_I · first_building Barracks |
| 17:56 | mark.adverai · wall_segment Stone Wall x56 |
| 18:04 | Diablo · wall_segment Stone Wall x5 |
| 18:31 | Xchopan · wall_segment Stone Wall x7 |
| 18:36 | mark.adverai · wall_segment Stone Wall x7 |
| 18:40 | Xchopan · wall_segment Stone Wall x5 |
| 18:49 | Xchopan · wall_segment Stone Wall x8 |
| 18:54 | Xchopan · wall_segment Stone Wall x9 |
| 18:57 | Xchopan · wall_segment Stone Wall x1 |
| 19:03 | I_ALMIGHTY_I · wall_segment Stone Wall x10 |
| 19:24 | O.o M@nK!! I_need_a_M@nk · wall_segment Stone Wall x3 |
| 19:30 | Diablo · wall_segment Stone Wall x10 |
| 19:33 | Diablo · wall_segment Stone Wall x6 |
| 19:34 | Diablo · wall_segment Stone Wall x1 |
| 19:46 | Xchopan · wall_segment Stone Wall x2 |
| 19:48 | Xchopan · wall_segment Stone Wall x1 |
| 19:53 | I_ALMIGHTY_I · wall_segment Stone Wall x9 |
| 20:11 | Diablo · wall_segment Stone Wall x15 |
| 20:51 | Diablo · wall_segment Stone Wall x16 |
| 21:34 | mark.adverai · wall_segment Stone Wall x9 |
| 21:37 | mark.adverai · wall_segment Stone Wall x18 |
| 21:44 | mark.adverai · wall_segment Stone Wall x32 |
| 22:16 | mark.adverai · wall_segment Stone Wall x10 |
| 22:35 | Diablo · wall_segment Stone Wall x7 |
| 22:37 | Diablo · wall_segment Stone Wall x15 |
| 22:44 | Diablo · wall_segment Stone Wall x5 |
| 23:00 | I_ALMIGHTY_I · wall_segment Stone Wall x4 |
| 23:02 | I_ALMIGHTY_I · wall_segment Stone Wall x22 |
| 25:12 | Diablo · first_market_sell 500 food |
| 27:13 | O.o M@nK!! I_need_a_M@nk · wall_segment Stone Wall x17 |
| 27:48 | dannyfluffy · first_market_sell 500 wood |
| 29:19 | I_ALMIGHTY_I · tribute_sent a jugador 1 |
| 29:19 | I_ALMIGHTY_I · tribute_sent a jugador 3 |
| 29:19 | I_ALMIGHTY_I · tribute_sent a jugador 4 |
| 29:19 | I_ALMIGHTY_I · tribute_sent a jugador 5 |
| 29:19 | I_ALMIGHTY_I · tribute_sent a jugador 6 |
| 33:07 | Xchopan · first_building Stable |
| 34:32 | mark.adverai · wall_segment Stone Wall x7 |
| 35:01 | mark.adverai · wall_segment Stone Wall x9 |
| 35:03 | mark.adverai · wall_segment Stone Wall x25 |
| 35:05 | mark.adverai · wall_segment Stone Wall x25 |
| 35:07 | mark.adverai · wall_segment Stone Wall x21 |
| 36:23 | Diablo · wall_segment Stone Wall x9 |
| 37:07 | O.o M@nK!! I_need_a_M@nk · first_building Archery Range |
| 38:18 | Diablo · tribute_sent a jugador 1 |
| 38:18 | Diablo · tribute_sent a jugador 2 |
| 38:18 | Diablo · tribute_sent a jugador 3 |
| 38:18 | Diablo · tribute_sent a jugador 4 |
| 38:18 | Diablo · tribute_sent a jugador 6 |
| 38:48 | Xchopan · tribute_sent a jugador 1 |
| 38:48 | Xchopan · tribute_sent a jugador 2 |
| 38:48 | Xchopan · tribute_sent a jugador 3 |
| 38:48 | Xchopan · tribute_sent a jugador 5 |
| 38:48 | Xchopan · tribute_sent a jugador 6 |
| 39:40 | Diablo · tribute_sent a jugador 1 |
| 39:40 | Diablo · tribute_sent a jugador 2 |
| 39:40 | Diablo · tribute_sent a jugador 3 |
| 39:40 | Diablo · tribute_sent a jugador 4 |
| 39:41 | Diablo · tribute_sent a jugador 6 |
| 39:58 | I_ALMIGHTY_I · tribute_sent a jugador 1 |
| 39:58 | I_ALMIGHTY_I · tribute_sent a jugador 3 |
| 39:58 | I_ALMIGHTY_I · tribute_sent a jugador 4 |
| 39:58 | I_ALMIGHTY_I · tribute_sent a jugador 5 |
| 39:58 | I_ALMIGHTY_I · tribute_sent a jugador 6 |
| 40:25 | Xchopan · wall_segment Stone Wall x1 |
| 46:38 | dannyfluffy · wall_segment Stone Wall x2 |
| 52:35 | dannyfluffy · wall_segment Stone Wall x1 |
| 53:20 | I_ALMIGHTY_I · first_market_buy 500 wood |
| 53:52 | Diablo · tribute_sent a jugador 1 |
| 53:52 | Diablo · tribute_sent a jugador 2 |
| 53:52 | Diablo · tribute_sent a jugador 3 |
| 53:52 | Diablo · tribute_sent a jugador 4 |
| 53:52 | Diablo · tribute_sent a jugador 6 |
| 54:07 | mark.adverai · tribute_sent a jugador 2 |
| 54:07 | mark.adverai · tribute_sent a jugador 3 |
| 54:07 | mark.adverai · tribute_sent a jugador 4 |
| 54:07 | mark.adverai · tribute_sent a jugador 5 |
| 54:07 | mark.adverai · tribute_sent a jugador 6 |
| 54:56 | Xchopan · wall_segment Stone Wall x19 |
| 54:56 | dannyfluffy · wall_segment Stone Wall x1 |
| 56:30 | Xchopan · wall_segment Stone Wall x9 |
| 61:09 | Diablo · tribute_sent a jugador 1 |
| 61:09 | Diablo · tribute_sent a jugador 2 |
| 61:09 | Diablo · tribute_sent a jugador 3 |
| 61:09 | Diablo · tribute_sent a jugador 4 |
| 61:09 | Diablo · tribute_sent a jugador 6 |
| 64:13 | O.o M@nK!! I_need_a_M@nk · wall_segment Stone Wall x5 |
| 64:26 | mark.adverai · tribute_sent a jugador 2 |
| 64:26 | mark.adverai · tribute_sent a jugador 3 |
| 64:26 | mark.adverai · tribute_sent a jugador 4 |
| 64:26 | mark.adverai · tribute_sent a jugador 5 |
| 64:26 | mark.adverai · tribute_sent a jugador 6 |
| 65:00 | mark.adverai · tribute_sent a jugador 2 |
| 65:00 | mark.adverai · tribute_sent a jugador 3 |
| 65:00 | mark.adverai · tribute_sent a jugador 4 |
| 65:00 | mark.adverai · tribute_sent a jugador 5 |
| 65:00 | mark.adverai · tribute_sent a jugador 6 |
| 65:33 | Diablo · tribute_sent a jugador 1 |
| 65:33 | Diablo · tribute_sent a jugador 2 |
| 65:33 | Diablo · tribute_sent a jugador 3 |
| 65:33 | Diablo · tribute_sent a jugador 4 |
| 65:33 | Diablo · tribute_sent a jugador 6 |
| 69:03 | O.o M@nK!! I_need_a_M@nk · wall_segment Stone Wall x2 |
| 69:48 | O.o M@nK!! I_need_a_M@nk · wall_segment Stone Wall x33 |
| 70:19 | O.o M@nK!! I_need_a_M@nk · wall_segment Stone Wall x16 |
| 73:17 | O.o M@nK!! I_need_a_M@nk · wall_segment Stone Wall x2 |
| 74:07 | mark.adverai · tribute_sent a jugador 2 |
| 74:07 | mark.adverai · tribute_sent a jugador 3 |
| 74:07 | mark.adverai · tribute_sent a jugador 4 |
| 74:07 | mark.adverai · tribute_sent a jugador 5 |
| 74:07 | mark.adverai · tribute_sent a jugador 6 |
| 74:55 | mark.adverai · tribute_sent a jugador 2 |
| 74:55 | mark.adverai · tribute_sent a jugador 3 |
| 74:55 | mark.adverai · tribute_sent a jugador 4 |
| 74:55 | mark.adverai · tribute_sent a jugador 5 |
| 74:55 | mark.adverai · tribute_sent a jugador 6 |
| 75:29 | mark.adverai · wall_segment Stone Wall x14 |
| 80:34 | O.o M@nK!! I_need_a_M@nk · wall_segment Stone Wall x25 |
| 82:34 | mark.adverai · wall_segment Stone Wall x11 |
| 82:35 | mark.adverai · wall_segment Stone Wall x6 |
| 82:36 | mark.adverai · wall_segment Stone Wall x18 |
| 83:50 | mark.adverai · tribute_sent a jugador 2 |
| 83:50 | mark.adverai · tribute_sent a jugador 3 |
| 83:50 | mark.adverai · tribute_sent a jugador 4 |
| 83:50 | mark.adverai · tribute_sent a jugador 5 |
| 83:50 | mark.adverai · tribute_sent a jugador 6 |
| 85:02 | O.o M@nK!! I_need_a_M@nk · wall_segment Stone Wall x16 |
| 86:07 | mark.adverai · tribute_sent a jugador 2 |
| 86:07 | mark.adverai · tribute_sent a jugador 3 |
| 86:07 | mark.adverai · tribute_sent a jugador 4 |
| 86:07 | mark.adverai · tribute_sent a jugador 5 |
| 86:07 | mark.adverai · tribute_sent a jugador 6 |
| 86:59 | mark.adverai · tribute_sent a jugador 2 |
| 86:59 | mark.adverai · tribute_sent a jugador 3 |
| 86:59 | mark.adverai · tribute_sent a jugador 4 |
| 86:59 | mark.adverai · tribute_sent a jugador 5 |
| 86:59 | mark.adverai · tribute_sent a jugador 6 |
| 89:07 | I_ALMIGHTY_I · resign |
[ AI ANALYSIS · 1 CREDIT ]
What really happened in this match?
Wolo.gg analyzes every decision: build order, eco, micro, common mistakes by bracket. Personalized analysis on WhatsApp or Discord in 30 seconds.
Civ guide
Saracens
Perfil
Jugador #21101208